MID
FORT WAYNE TINCAPS @ DAYTON DRAGONS
05/06/2048
 
TOP OF THE 1ST
Fort Wayne TinCaps batting - Pitching for Dayton Dragons : LHP Jason St. Clair
Pitching: LHP Jason St. Clair
Batting: SHB Detlef Oursler 0-0: Ball
1-0: Foul Ball, location: 2F
1-1: Called Strike
1-2: Foul Ball, location: 2F
1-2: Foul Ball, location: 2F
1-2: Ball
2-2: Ball
3-2: DOUBLE (Line Drive, 78D, EV 110.6 MPH)
Batting: LHB Tony Contreras 0-0: Foul Ball, location: 2F
0-1: Ball
1-1: Ball
2-1: Ball
3-1: Base on Balls
Batting: RHB Dave Cordero 0-0: Swinging Strike
0-1: Ball
1-1: Swinging Strike
1-2: Strikes out swinging
Batting: LHB Justin Alworth 0-0: Called Strike
0-1: Ball
1-1: Ball
2-1: Ball
3-1: Base on Balls
Detlef Oursler to third
Tony Contreras to second
Batting: RHB Brian Klinkner 0-0: Ball
1-0: Foul Ball, location: 2F
1-1: Foul Ball, location: 2F
1-2: Ball
2-2: Ball
3-2: Foul Ball, location: 2F
3-2: SINGLE (Line Drive, 8RS, EV 93.1 MPH)
Detlef Oursler scores
Tony Contreras to third
Justin Alworth to second
Batting: LHB Javy Portela 0-0: Swinging Strike
0-1: Ball
1-1: Called Strike
1-2: Strikes out looking
Batting: RHB Dustin Hartman 0-0: Swinging Strike
0-1: Foul Ball, location: 2F
0-2: Ball
1-2: Ball
2-2: Fielders Choice at 2nd, U6 (Groundball, 6M, EV 78.1 MPH)
Top of the 1st over - 1 run, 2 hits, 0 errors, 3 left on base; Fort Wayne 1 - Dayton 0
BOTTOM OF THE 1ST
Dayton Dragons batting - Pitching for Fort Wayne TinCaps : LHP Juan Lopez
Pitching: LHP Juan Lopez
Batting: LHB Leo Gomez 0-0: Ball
1-0: Called Strike
1-1: Fly out, F4 (Popup, 4S, EV 63.8 MPH)
Batting: RHB Andy Bachman 0-0: SINGLE (Line Drive, 6D, EV 105.6 MPH)
Batting: RHB Mark Williams 0-0: Ground out 4-3 (Groundball, 34, EV 86.2 MPH)
Andy Bachman to second
Batting: RHB Jake Savell 0-0: Ball
1-0: DOUBLE (Line Drive, 89D, EV 109.4 MPH)
Andy Bachman scores
Batting: RHB Juan Zamora 0-0: Called Strike
0-1: Swinging Strike
0-2: Ground out 4-3 (Groundball, 4, EV 92.5 MPH)
Bottom of the 1st over - 1 run, 2 hits, 0 errors, 1 left on base; Fort Wayne 1 - Dayton 1
TOP OF THE 2ND
Fort Wayne TinCaps batting - Pitching for Dayton Dragons : LHP Jason St. Clair
Batting: RHB Danny Gallegos 0-0: Ground out 5-3 (Groundball, 56, EV 90.6 MPH)
Batting: RHB Ricky Trejo 0-0: SINGLE (Line Drive, 7S, EV 85.0 MPH)
Batting: SHB Detlef Oursler 0-0: Foul Ball, location: 2F
0-1: Foul Ball, location: 2F
0-2: Ball
1-2: Strikes out looking
Batting: LHB Tony Contreras 0-0: Called Strike
0-1: Swinging Strike
0-2: Strikes out swinging
Top of the 2nd over - 0 runs, 1 hit, 0 errors, 1 left on base; Fort Wayne 1 - Dayton 1
BOTTOM OF THE 2ND
Dayton Dragons batting - Pitching for Fort Wayne TinCaps : LHP Juan Lopez
Batting: LHB Matt Kennedy 0-0: SINGLE (Line Drive, 89S, EV 87.5 MPH)
Batting: RHB Ernie Maldonado 0-0: Called Strike
0-1: Ball
1-1: Foul Ball, location: 2F
1-2: Strikes out swinging
Batting: RHB Yutaka Sato 0-0: Ball
1-0: DOUBLE (Line Drive, 7LM, EV 102.5 MPH)
Matt Kennedy to third
Batting: LHB Gabe Morales 0-0: Foul Ball, location: 2F
0-1: Ball
1-1: Ball
2-1: Ground out 5-3 (Groundball, 5, EV 86.2 MPH)
Batting: LHB Leo Gomez 0-0: Called Strike
0-1: Called Strike
0-2: Foul Ball, location: 2F
0-2: SINGLE (Groundball, 6MD, EV 103.8 MPH)
Matt Kennedy scores
Yutaka Sato to third
Runner from 3rd tries for Home, SAFE, throw by CF to home
Batting: RHB Andy Bachman 0-0: Called Strike
Leo Gomez is caught stealing 2nd base 2-4
Bottom of the 2nd over - 2 runs, 3 hits, 0 errors, 0 left on base; Fort Wayne 1 - Dayton 3
TOP OF THE 3RD
Fort Wayne TinCaps batting - Pitching for Dayton Dragons : LHP Jason St. Clair
Batting: RHB Dave Cordero 0-0: Foul Ball, location: 2F
0-1: Swinging Strike
0-2: Ball
1-2: Strikes out swinging
Batting: LHB Justin Alworth 0-0: Hit by Pitch
Batting: RHB Brian Klinkner Pickoff Throw to First - Out! 1-3 CS
0-0: Ball
1-0: Called Strike
1-1: SINGLE (Groundball, 15S, EV 61.9 MPH) (infield hit)
Batting: LHB Javy Portela 0-0: Ball
1-0: DOUBLE (Groundball, 3L, EV 95.0 MPH)
Brian Klinkner to third
Runner from 3rd tries for Home, SAFE, no throw by RF
Pinch Runner at 2nd Adrian Cook:
Batting: RHB Dustin Hartman 0-0: Ball
1-0: Ball
2-0: Called Strike
2-1: Swinging Strike
2-2: Ball
3-2: Ground out 6-3 (Groundball, 6S, EV 71.2 MPH)
Top of the 3rd over - 1 run, 2 hits, 0 errors, 1 left on base; Fort Wayne 2 - Dayton 3
BOTTOM OF THE 3RD
Dayton Dragons batting - Pitching for Fort Wayne TinCaps : LHP Juan Lopez
Now in LF: Adrian Cook
Batting: RHB Andy Bachman 0-0: Called Strike
0-1: Ball
1-1: Ball
2-1: DOUBLE (Flyball, 8LXD, EV 106.2 MPH)
Batting: RHB Mark Williams 0-0: Called Strike
0-1: Foul Ball, location: 2F
0-2: Ground out 5-3 (Groundball, 5, EV 81.2 MPH)
Batting: RHB Jake Savell 0-0: Ball
1-0: Called Strike
1-1: Ball
2-1: Ground out 6-3 (Groundball, 6, EV 82.5 MPH)
Batting: RHB Juan Zamora 0-0: Ball
1-0: Ball
2-0: Called Strike
2-1: Fly out, F8 (Flyball, 8LD, EV 100.6 MPH)
Bottom of the 3rd over - 0 runs, 1 hit, 0 errors, 1 left on base; Fort Wayne 2 - Dayton 3
TOP OF THE 4TH
Fort Wayne TinCaps batting - Pitching for Dayton Dragons : LHP Jason St. Clair
Batting: RHB Danny Gallegos 0-0: Swinging Strike
0-1: Foul Ball, location: 2F
0-2: Ball
1-2: Ground out 2-3 (Groundball, 15S, EV 67.5 MPH)
Batting: RHB Ricky Trejo 0-0: Foul Ball, location: 2F
0-1: Ball
1-1: Ball
2-1: Called Strike
2-2: Foul Ball, location: 2F
2-2: Strikes out looking
Batting: SHB Detlef Oursler 0-0: Ball
1-0: Ground out 3-1 (Groundball, 34, EV 82.5 MPH)
Top of the 4th over - 0 runs, 0 hits, 0 errors, 0 left on base; Fort Wayne 2 - Dayton 3
BOTTOM OF THE 4TH
Dayton Dragons batting - Pitching for Fort Wayne TinCaps : LHP Juan Lopez
Batting: LHB Matt Kennedy 0-0: Ball
1-0: Ball
2-0: Called Strike
2-1: Swinging Strike
2-2: Strikes out swinging
Batting: RHB Ernie Maldonado 0-0: Called Strike
0-1: Ball
1-1: Called Strike
1-2: DOUBLE (Popup, 4D, EV 49.4 MPH)
Batting: RHB Yutaka Sato 0-0: Ball
1-0: Ball
2-0: Called Strike
2-1: Swinging Strike
2-2: DOUBLE (Flyball, 8LXD, EV 93.1 MPH)
Ernie Maldonado scores
Batting: LHB Gabe Morales 0-0: Swinging Strike
0-1: Ground out U3 (Groundball, 3, EV 89.4 MPH)
Yutaka Sato to third
Batting: LHB Leo Gomez 0-0: Fly out, F8 (Flyball, 8RD, EV 99.4 MPH)
Bottom of the 4th over - 1 run, 2 hits, 0 errors, 1 left on base; Fort Wayne 2 - Dayton 4
TOP OF THE 5TH
Fort Wayne TinCaps batting - Pitching for Dayton Dragons : LHP Jason St. Clair
Batting: LHB Tony Contreras 0-0: Called Strike
0-1: Swinging Strike
0-2: Ball
1-2: Foul Ball, location: 2F
1-2: Foul Ball, location: 2F
1-2: Strikes out looking
Batting: RHB Dave Cordero 0-0: Swinging Strike
0-1: Called Strike
0-2: Foul Ball, location: 2F
0-2: Ball
1-2: Ball
2-2: Ball
3-2: Strikes out swinging
Batting: LHB Justin Alworth 0-0: Called Strike
0-1: Foul Ball, location: 2F
0-2: Strikes out swinging
Top of the 5th over - 0 runs, 0 hits, 0 errors, 0 left on base; Fort Wayne 2 - Dayton 4
BOTTOM OF THE 5TH
Dayton Dragons batting - Pitching for Fort Wayne TinCaps : LHP Juan Lopez
Batting: RHB Andy Bachman 0-0: Ground out 4-3 (Groundball, 4, EV 101.2 MPH)
Batting: RHB Mark Williams 0-0: Called Strike
0-1: Ground out 6-3 (Groundball, 6S, EV 69.4 MPH)
Batting: RHB Jake Savell 0-0: Ball
1-0: Foul Ball, location: 2F
1-1: Swinging Strike
1-2: Ball
2-2: Foul Ball, location: 2F
2-2: Strikes out swinging
Bottom of the 5th over - 0 runs, 0 hits, 0 errors, 0 left on base; Fort Wayne 2 - Dayton 4
TOP OF THE 6TH
Fort Wayne TinCaps batting - Pitching for Dayton Dragons : LHP Jason St. Clair
Pitching: RHP Jalen Patterson
Batting: RHB Brian Klinkner 0-0: Ball
1-0: Called Strike
1-1: Ball
2-1: Ball
3-1: SINGLE (Line Drive, 6MD, EV 96.9 MPH)
Batting: RHB Adrian Cook 0-0: Ball
1-0: Ball
2-0: Called Strike
2-1: Foul Ball, location: 2F
2-2: Strikes out swinging
Pinch Hitting: SHB Cesar Arteaga 0-0: Ball
1-0: Ball
2-0: Fly out, F5 (Popup, 5SF, EV 71.2 MPH)
Batting: RHB Danny Gallegos 0-0: Called Strike
0-1: Swinging Strike
0-2: Ball
1-2: Ball
2-2: Foul Ball, location: 2F
2-2: Strikes out swinging
Top of the 6th over - 0 runs, 1 hit, 0 errors, 1 left on base; Fort Wayne 2 - Dayton 4
BOTTOM OF THE 6TH
Dayton Dragons batting - Pitching for Fort Wayne TinCaps : LHP Juan Lopez
Now at 1B: Dave Cordero
Now at 2B: Cesar Arteaga
Batting: RHB Juan Zamora 0-0: Ball
1-0: SINGLE (Groundball, 4MD, EV 95.6 MPH)
Batting: LHB Matt Kennedy 0-0: Ball
1-0: Called Strike
1-1: Ball
2-1: Foul Ball, location: 2F
2-2: SINGLE (Groundball, 34, EV 98.1 MPH) (infield hit)
Juan Zamora to second
Batting: RHB Ernie Maldonado 0-0: Foul Ball, location: 2F
0-1: Ball
1-1: Ball
2-1: Ball
3-1: DOUBLE (Line Drive, 5D, EV 95.6 MPH)
Juan Zamora scores
Matt Kennedy to third
Pitching: RHP Mike Swenson
Batting: RHB Yutaka Sato 0-0: Ball
1-0: Ball
2-0: Ball
3-0: Base on Balls
Batting: LHB Gabe Morales 0-0: Called Strike
0-1: Grounds into fielders choice 4-2 (Groundball, 4, EV 110.6 MPH)
Ernie Maldonado to third
Yutaka Sato to second
Batting: LHB Leo Gomez 0-0: Ball
1-0: Called Strike
1-1: Foul Ball, location: 2F
1-2: Strikes out swinging
Batting: RHB Andy Bachman 0-0: Called Strike
0-1: Ball
1-1: Swinging Strike
1-2: Ball
2-2: Ball
3-2: Base on Balls
Ernie Maldonado scores
Yutaka Sato to third
Gabe Morales to second
Batting: RHB Mark Williams 0-0: Called Strike
0-1: Ball
1-1: Ground out 6-3 (Groundball, 6M, EV 92.5 MPH)
Bottom of the 6th over - 2 runs, 3 hits, 0 errors, 3 left on base; Fort Wayne 2 - Dayton 6
TOP OF THE 7TH
Fort Wayne TinCaps batting - Pitching for Dayton Dragons : RHP Jalen Patterson
Pitching: RHP Aaron McArdle
Now at 2B: Jeremy Robertson
Now at SS: Juan Zamora
Batting: RHB Ricky Trejo 0-0: Ball
1-0: Foul Ball, location: 2F
1-1: Ground out 5-3 (Groundball, 5S, EV 65.6 MPH)
Batting: SHB Detlef Oursler 0-0: Called Strike
0-1: Ball
1-1: Ball
2-1: Called Strike
2-2: Strikes out looking
Batting: LHB Tony Contreras 0-0: Called Strike
0-1: Ball
1-1: Swinging Strike
1-2: Ball
2-2: Strikes out swinging
Top of the 7th over - 0 runs, 0 hits, 0 errors, 0 left on base; Fort Wayne 2 - Dayton 6
BOTTOM OF THE 7TH
Dayton Dragons batting - Pitching for Fort Wayne TinCaps : RHP Mike Swenson
Pitching: RHP Juan Isidro
Batting: RHB Jake Savell 0-0: Foul Ball, location: 2F
0-1: Swinging Strike
0-2: Ball
1-2: Foul Ball, location: 2F
1-2: Ball
2-2: Fly out, F6 (Popup, 6M, EV 58.1 MPH)
Batting: RHB Juan Zamora 0-0: Called Strike
0-1: Ball
1-1: Ball
2-1: SINGLE (Groundball, 5S, EV 69.4 MPH) (infield hit)
Batting: LHB Matt Kennedy 0-0: Called Strike
Juan Zamora steals 2nd, throwing error, E2
Juan Zamora to third
0-1: Ball
1-1: Ball
2-1: Foul Ball, location: 2F
2-2: Strikes out swinging
Batting: RHB Ernie Maldonado 0-0: Ball
1-0: Foul Ball, location: 2F
Balk!
Juan Zamora scores
1-1: Ball
2-1: Ground out 6-3 (Groundball, 6M, EV 104.4 MPH)
Bottom of the 7th over - 1 run, 1 hit, 1 error, 0 left on base; Fort Wayne 2 - Dayton 7
TOP OF THE 8TH
Fort Wayne TinCaps batting - Pitching for Dayton Dragons : RHP Aaron McArdle
Batting: RHB Dave Cordero 0-0: Ball
1-0: Ground out 5-3 (Groundball, 56S, EV 85.6 MPH)
Batting: LHB Justin Alworth 0-0: Foul Ball, location: 2F
0-1: Ball
1-1: Foul Ball, location: 2F
1-2: Foul Ball, location: 2F
1-2: Ball
2-2: Ball
3-2: Strikes out swinging
Pitching: RHP Ken Armstrong
Batting: RHB Brian Klinkner 0-0: Called Strike
0-1: Ball
1-1: Swinging Strike
1-2: Strikes out swinging
Top of the 8th over - 0 runs, 0 hits, 0 errors, 0 left on base; Fort Wayne 2 - Dayton 7
BOTTOM OF THE 8TH
Dayton Dragons batting - Pitching for Fort Wayne TinCaps : RHP Juan Isidro
Batting: RHB Yutaka Sato 0-0: SINGLE (Groundball, 4MD, EV 103.8 MPH)
Batting: LHB Gabe Morales 0-0: Ball
1-0: Ball
2-0: Foul Ball, location: 2F
2-1: Swinging Strike
2-2: Strikes out swinging
Batting: LHB Leo Gomez 0-0: Ball
1-0: Ball
Passed Ball!
Yutaka Sato to second
2-0: Swinging Strike
2-1: Swinging Strike
2-2: Strikes out looking
Batting: RHB Andy Bachman 0-0: Ball
1-0: Foul Ball, location: 2F
1-1: Ball
2-1: Called Strike
2-2: Foul Ball, location: 2F
2-2: Ground out 3-1 (Groundball, 34, EV 88.1 MPH)
Bottom of the 8th over - 0 runs, 1 hit, 0 errors, 1 left on base; Fort Wayne 2 - Dayton 7
TOP OF THE 9TH
Fort Wayne TinCaps batting - Pitching for Dayton Dragons : RHP Ken Armstrong
Batting: RHB Adrian Cook 0-0: Called Strike
0-1: Ball
1-1: Called Strike
1-2: Ball
2-2: Foul Ball, location: 2F
2-2: Strikes out swinging
Batting: SHB Cesar Arteaga 0-0: Ball
1-0: Swinging Strike
1-1: Foul Ball, location: 2F
1-2: Strikes out looking
Batting: RHB Danny Gallegos 0-0: Ball
1-0: Called Strike
1-1: Ball
2-1: Ground out 6-3 (Groundball, 6, EV 100.6 MPH)
Top of the 9th over - 0 runs, 0 hits, 0 errors, 0 left on base; Fort Wayne 2 - Dayton 7
Tuesday, March 28th , 2023 - OOTP Baseball 23.10 Build 110